 Dungeon Crawl Stone Soup version 0.31.0 (webtiles) character file.

Game seed: 14166394294760565366

5982 sasquatch the Thaumaturge (level 11, -14/75 HPs)
             Began as a Djinni Fire Elementalist on Jan 20, 2024.
             Was a Priest of Makhleb.
             Demolished by a death yak (18 damage)
             ... on level 8 of the Dungeon.
             The game lasted 00:24:31 (7727 turns).

sasquatch the Thaumaturge (DjFE)                    Turns: 7727, Time: 00:24:32

Health: -14/75     AC:  8    Str:  7    XL:     11   Next: 10%
Gold:   395        EV: 16    Int: 21    God:    Makhleb [***...] SH:  0 Dex: 14

rFire   + + .        s - +2 trident (venom)
rCold   x . .        (no shield)
rNeg    . . .        f - +2 robe {Will+}
rPois   ∞            x - +2 helmet {SInv}
rElec   .            D - +0 cloak
rCorr   .            (no gloves)
SInv    +            (boots unavailable)
Will    ++...        r - amulet of regeneration
Stlth   ++           p - ring of wizardry
HPRegen 1.12/turn    (no ring)
MPRegen 0.00/turn

%: wizardry (x1), infuse magic (-15 HP)
@: flying, hasted, studying Fighting, very quick
A: sickness immunity, fire resistance 2, cold vulnerability 1, float, innate
caster, HP casting, extra vitality 1
a: Renounce Religion, Minor Destruction, Lesser Servant of Makhleb


You were on level 8 of the Dungeon.
You worshipped Makhleb.
Makhleb was most pleased with you.
You visited 2 branches of the dungeon, and saw 9 of its levels.
You also visited: Bailey.

You collected 619 gold pieces.
You spent 224 gold pieces at shops.

Inventory:

Hand Weapons
 e - a +0 dagger of holy wrath
 l - a +1 whip of electrocution
 n - a +4 scimitar
 s - a +2 trident of venom (weapon)
Missiles
 j - 25 poisoned darts
Armour
 f - a +2 robe of willpower (worn)
 x - a +2 helmet of see invisible (worn)
 D - a +0 cloak (worn)
Jewellery
 p - a ring of wizardry (left hand)
 r - an amulet of regeneration (around neck)
Wands
 t - a wand of mindburst (9)
 u - a wand of polymorph (9)
 A - a wand of charming (10)
 B - a wand of iceblast (7)
 C - a wand of flame (33)
Scrolls
 a - 4 scrolls of enchant weapon
 b - 3 scrolls of enchant armour
 m - a scroll of immolation
 q - a scroll of poison
 v - a scroll of summoning
 w - 2 scrolls of blinking {unknown}
 y - a scroll of vulnerability {unknown}
 z - a scroll of silence {unknown}
 E - a scroll of teleportation
Potions
 c - 2 potions of lignification
 d - a potion of heal wounds {unknown}
 g - 5 potions of curing
 h - 2 potions of resistance
 i - 2 potions of haste
 k - a potion of might
 o - 2 potions of cancellation
 F - a potion of attraction {unknown}


   Skills:
 * Level 5.1 Fighting
 + Level 9.8 Dodging
 - Level 1.5 Stealth
 * Level 10.6 Spellcasting
 * Level 10.6 Conjurations
 * Level 10.6 Hexes
   Level 0.0 Charms
 * Level 10.6 Summonings
 * Level 10.6 Necromancy
 * Level 10.6 Translocations
   Level 0.0 Transmutations
 * Level 10.6 Fire Magic
 * Level 10.6 Ice Magic
 * Level 10.6 Air Magic
 * Level 10.6 Earth Magic
 * Level 10.6 Alchemy


You knew the following spells:

 Your Spells              Type           Power      Damage    Failure   Level
a - Foxfire               Conj/Fire      100%       2x1d9     1%          1
b - Scorch                Fire           100%       2d9       1%          2
c - Volatile Blastmotes   Fire/Tloc      100%       2d18      1%          3
d - Inner Flame           Hex/Fire       54%        N/A       1%          3
e - Flame Wave            Conj/Fire      54%        2d13      1%          4
f - Summon Small Mammal   Summ           100%       N/A       1%          1
g - Static Discharge      Conj/Air       100%       3-8/arc   1%          2
h - Teleport Other        Tloc           54%        N/A       1%          3
i - Dispel Undead         Necr           54%        3d20      1%          4
j - Borgnjor's Vile Clut  Necr/Erth      27%        N/A       1%          5
Your spell library was empty.

Dungeon Overview and Level Annotations

Branches:
Dungeon (8/15)             Temple (1/1) D:6            Lair (0/5) D:8
 Bailey (visited)

Altars:
Ashenzari
Cheibriados
Dithmenos
Elyvilon
Fedhas
Gozag
Hepliaklqana
Makhleb
Nemelex Xobeh
Okawaru
Qazlal
Ru
Trog
Uskayaw
Wu Jian
Xom
Zin
The Shining One

Shops:
D:5 [*   D:6 [

Annotations:
D:6 exclusion: door
D:8 middlethird's ghost, novice VSEE


Innate Abilities, Weirdness & Mutations

You are immune to sickness and miasma.
You are immune to poison.
Your flesh is very heat resistant. (rF++)
You are vulnerable to cold. (rC-)
You float through the air rather than walking.
You learn spells naturally, not from books.
Your magical power is your life essence.
You have superior vitality. (+4 MHP)


Message History

The death yak struggles to escape constriction.
A wave of flame ripples out!
The flame wave engulfs the death yak.
The death yak is heavily wounded.
The flame wave engulfs the death yak.
The death yak is heavily wounded.
The flame wave engulfs the bush!
The bush is on fire!
The bush is heavily damaged.
The flame wave engulfs the river rat!
You kill the river rat!
Makhleb accepts your kill.
The tree burns like a torch!
You finish channelling waves of flame.
The zombie hands constrict the death yak.
You hear a deafening roar!
You hear a shout!
The bush is engulfed in blazing flames.
The death yak gores you!! The death yak completely misses you.
The death yak struggles to escape constriction.
The zombie hands constrict the death yak, but do no damage.
The bush is engulfed in blazing flames.
The zombie hands release their grip on the death yak.
The death yak gores you! The death yak gores you!!
* * * LOW HITPOINT WARNING * * *
Unknown command.
Okay, then.
Okay, then.
Unknown command.
Okay, then.
Casting: Flame Wave (safe; 1% risk of failure)
Confirm with . or Enter, or press ? or * to list all spells.
You don't have enough health to cast this spell.
Unknown command.
Unknown command.
Okay, then.
Unknown command.
Okay, then.
Casting: Flame Wave (safe; 1% risk of failure)
Confirm with . or Enter, or press ? or * to list all spells.
Okay, then.
Unknown command.
You feel yourself speed up. The death yak gores you!!
You die...

##........ #####........##
.............. #. #..........D.Y
#. #............. #### #.##
###............. ...######
#..#####.Y..††.........
....~~:.♣♣♣..§§§.Y.##..#..>.##o..
....~~P..P...§§.@Y###............
.....PP♣♣)♣♣P§§...# #...........[
....P.♣♣.).♣♣§P...# #............
....♣.♣P...P♣.§...# ###.#........
#...♣P.[._...P♣#.## #####.....
##.#♣.♣....P♣.♣#.#
#.#.)♣♣..P♣♣..#.#
#.#.P.♣♣.♣♣.P...#
#.#≈~P.....P≈~.##


You could see 3 death yaks.

Vanquished Creatures
  A cyclops (D:7)
  Maurice (D:8)
  Maggie (D:7)
  A steam dragon (D:8)
  Eustachio (D:4)
  13 orc warriors
  A sky beast (D:6)
  3 ogres
  2 black bears
  13 centaurs
  A phantom (D:4)
  Blork the orc (D:6)
  2 kobold brigands
  4 scorpions
  2 bombardier beetles
  4 electric eels (D:6)
  2 howler monkeys
  4 hounds
  A jelly (D:6)
  5 orc priests
  3 gnoll boudas
  2 iguanas
  3 sleepcaps
  3 orc wizards
  A hell rat (D:8)
  6 adders
  21 gnolls
  3 river rats (D:8)
  2 shadow imps (D:7)
  4 white imps
  2 ribbon worms
  2 dart slugs (D:1)
  51 orcs
  9 endoplasms
  A giant cockroach (D:2)
  10 hobgoblins
  9 jackals (D:1)
  6 quokkas
  8 ball pythons
  4 bats
  4 frilled lizards
  9 goblins
  16 kobolds
  5 rats
247 creatures vanquished.

Vanquished Creatures (collateral kills)
  5 foxfires
5 creatures vanquished.

Vanquished Creatures (others)
  A butterfly (D:8)
  862 foxfires
863 creatures vanquished.

Grand Total: 1115 creatures vanquished

Notes
Turn   | Place    | Note
-------+----------+-------------------------------------------
     0 | D:1      | sasquatch the Djinni Fire Elementalist began the quest for
                  | the Orb.
     0 | D:1      | sasquatch set off with the following spells memorised:
                  | Foxfire, Scorch, Volatile Blastmotes, Inner Flame, Flame
                  | Wave.
     0 | D:1      | Reached XP level 1. HP: 15/15 MP: 0/0
    34 | D:1      | Reached XP level 2. HP: 11/21 MP: 0/0
   232 | D:1      | Reached XP level 3. HP: 15/25 MP: 0/0
   232 | D:1      | Learned a level 1 spell: Summon Small Mammal
   510 | D:1      | Found a faded altar of an unknown god.
   730 | D:2      | Reached XP level 4. HP: 28/31 MP: 0/0
  1264 | D:2      | Reached XP level 5. HP: 28/35 MP: 0/0
  1264 | D:2      | Learned a level 2 spell: Static Discharge
  1829 | D:3      | Found a sacrificial altar of Ru.
  2134 | D:3      | Found a sparkling altar of Nemelex Xobeh.
  2402 | D:3      | Reached XP level 6. HP: 22/40 MP: 0/0
  2808 | D:4      | Noticed Eustachio
  2825 | D:4      | Killed Eustachio
  2826 | D:4      | Reached skill level 5 in Spellcasting
  2826 | D:4      | Reached skill level 5 in Conjurations
  2826 | D:4      | Reached skill level 5 in Hexes
  2826 | D:4      | Reached skill level 5 in Summonings
  2826 | D:4      | Reached skill level 5 in Necromancy
  2826 | D:4      | Reached skill level 5 in Translocations
  2826 | D:4      | Reached skill level 5 in Fire Magic
  2826 | D:4      | Reached skill level 5 in Ice Magic
  2826 | D:4      | Reached skill level 5 in Air Magic
  2826 | D:4      | Reached skill level 5 in Earth Magic
  2826 | D:4      | Reached skill level 5 in Alchemy
  2826 | D:4      | Reached XP level 7. HP: 28/45 MP: 0/0
  2826 | D:4      | Learned a level 3 spell: Teleport Other
  2979 | D:4      | Found a glowing silver altar of Zin.
  3017 | D:4      | Reached skill level 5 in Dodging
  3484 | D:4      | Reached XP level 8. HP: 45/50 MP: 0/0
  3966 | D:5      | Entered Level 5 of the Dungeon
  4209 | D:5      | Found Uzaep's Antique Armour Emporium.
  4214 | D:5      | Bought a runed robe for 74 gold pieces
  4214 | D:5      | Bought a shiny helmet for 150 gold pieces
  4494 | D:5      | Found Kiuwniodo's Elemental Accessories.
  5023 | D:6      | Reached XP level 9. HP: 50/55 MP: 0/0
  5023 | D:6      | Learned a level 4 spell: Dispel Undead
  5350 | D:6      | Found a staircase to the Ecumenical Temple.
  5373 | Temple   | Entered the Ecumenical Temple
  5382 | Temple   | Became a worshipper of Makhleb the Destroyer
  5489 | D:6      | Found Ompexass's Armour Emporium.
  5593 | D:6      | Noticed Blork the orc
  5598 | D:6      | Killed Blork the orc
  5963 | D:7      | Noticed Maggie
  5963 | D:7      | Noticed a cyclops
  5974 | D:7      | Killed Maggie
  5986 | D:7      | Killed a cyclops
  5987 | D:7      | Reached XP level 10. HP: 15/60 MP: 0/0
  6067 | D:7      | Reached * piety under Makhleb
  6085 | D:7      | Found a flagged portal.
  6102 | Bailey   | Entered a bailey
  6188 | Bailey   | Reached ** piety under Makhleb
  6366 | Bailey   | Reached skill level 10 in Spellcasting
  6366 | Bailey   | Reached skill level 10 in Conjurations
  6366 | Bailey   | Reached skill level 10 in Hexes
  6366 | Bailey   | Reached skill level 10 in Summonings
  6366 | Bailey   | Reached skill level 10 in Necromancy
  6366 | Bailey   | Reached skill level 10 in Translocations
  6366 | Bailey   | Reached skill level 10 in Fire Magic
  6366 | Bailey   | Reached skill level 10 in Ice Magic
  6366 | Bailey   | Reached skill level 10 in Air Magic
  6366 | Bailey   | Reached skill level 10 in Earth Magic
  6366 | Bailey   | Reached skill level 10 in Alchemy
  6552 | Bailey   | Reached skill level 1 in Fighting
  7129 | D:7      | Reached *** piety under Makhleb
  7358 | D:7      | Found a snail-covered altar of Cheibriados.
  7358 | D:7      | Found an opulent altar of Gozag.
  7547 | D:8      | Noticed middlethird's ghost (novice VSEE)
  7547 | D:8      | Identified the +6 great mace "Azitetz" {drain, Str+2}
  7547 | D:8      | Found a transporter.
  7547 | D:8      | Found a transporter.
  7547 | D:8      | Found a staircase to the Lair.
  7547 | D:8      | Noticed a death yak
  7547 | D:8      | Noticed a death yak
  7557 | D:8      | Noticed a death yak
  7564 | D:8      | Noticed Maurice
  7568 | D:8      | Maurice stole a +1 whip of electrocution
  7569 | D:8      | Maurice stole 368 gold
  7571 | D:8      | Killed Maurice
  7572 | D:8      | Reached XP level 11. HP: 53/74 MP: 0/0
  7572 | D:8      | Learned a level 5 spell: Borgnjor's Vile Clutch
  7612 | D:8      | Found a white marble altar of Elyvilon.
  7636 | D:8      | Reached skill level 5 in Fighting
  7726 | D:8      | HP: 3/75 [death yak (25)]
  7727 | D:8      | Demolished by a death yak

Illustrated notes

Levels and vault maps discovered:
D:1:      tarquinn_simple_flora_water_f, layout_rooms,
          hellmonk_ecumenical_altar_inner_sanctum, item_on_display_a
D:2:      layout_loops_cross
D:3:      minmay_general_purpose_star, layout_loops_corners,
          nemelex_diamond_rough_becter, jmf_multi_god_temple,
          serial_bayou_pond_e, kennysheep_decorative_pillar,
          minmay_close_crescents
D:4:      layout_basic, mainiacjoe_overflow_tiny_flanked, hangedman_decor_push,
          uniq_eustachio
D:5:      layout_basic, serial_shops, shop, chequers_serial_rivers_micro_d,
          st_stairs_4, minmay_stone_trees_small, nicolae_elemental_shop,
          serial_library_hellmonk_small_alcove
D:6:      layout_basic, minmay_temple_entry_mist, serial_shops, shop,
          serial_bayou_lake_a, uniq_blork_the_orc
D:7:      layout_layer_cave, gammafunk_temple_overflow_wave, enter_bailey_3,
          uniq_maggie
D:8:      layout_basic, nicolae_elyvilon_peaceful_grove, dpeg_lair_monsters,
          serial_curves, eino_curves_02, eino_curves_02, eino_curves_03,
          gammafunk_ghost_smash, uniq_maurice
Temple:   nicolae_temple_superstar

Skill      XL: |  1  2  3  4  5  6  7  8  9 10 11 |
---------------+----------------------------------+-----
Dodging        | 3 4 5 6 8 9 |  9.8
Spellcasting   | 4 5 6 7 9 10 | 10.6
Conjurations   | 4 5 6 7 9 10 | 10.6
Hexes          | 4 5 6 7 9 10 | 10.6
Summonings     | 4 5 6 7 9 10 | 10.6
Necromancy     | 4 5 6 7 9 10 | 10.6
Translocations | 4 5 6 7 9 10 | 10.6
Fire Magic     | 4 5 6 7 9 10 | 10.6
Ice Magic      | 4 5 6 7 9 10 | 10.6
Air Magic      | 4 5 6 7 9 10 | 10.6
Earth Magic    | 4 5 6 7 9 10 | 10.6
Alchemy        | 4 5 6 7 9 10 | 10.6
Fighting       | 4 5 |  5.1
Stealth        | |  1.5

Action                     |  1- 3 |  4- 6 |  7- 9 | 10-12 || total
---------------------------+-------+-------+-------+-------++-------
  Melee: Dagger            |       |    14 |       |       ||    14
         Trident           |       |     5 |     9 |     1 ||    15
         Punch             |       |       |     1 |       ||     1
   Cast: Foxfire           |    70 |   100 |   142 |   182 ||   494
         Inner Flame       |       |     1 |       |       ||     1
         Flame Wave        |       |     2 |     6 |    20 ||    28
         Static Discharge  |       |     1 |       |       ||     1
         Scorch            |       |       |    47 |    30 ||    77
         Summon Small Mamm |       |       |     1 |       ||     1
         Borgnjor's Vile C |       |       |       |     1 ||     1
    Use: Potion            |       |     2 |       |     1 ||     3
         Scroll            |       |       |    10 |     4 ||    14
   Stab: Sleeping          |       |     1 |     1 |       ||     2
 Armour: Robe              |     7 |    13 |    35 |    56 ||   111
         Skin              |       |    22 |       |       ||    22
  Dodge: Dodged            |     6 |    25 |    47 |    86 ||   164
